NCAA
PENN STATE NITTANY LIONS @ CONNECTICUT HUSKIES
04/30/2023
 
TOP OF THE 1ST
Penn State Nittany Lions batting - Pitching for Connecticut Huskies : LHP Ryan Newman
Pitching: LHP Ryan Newman
Batting: LHB Andrew Russell 0-0: Foul Ball, location: 2F
0-1: Foul Ball, location: 2F
0-2: Ball
1-2: Ball
2-2: Ball
3-2: Foul Ball, location: 2F
3-2: Strikes out looking
Batting: RHB Bob Cole 0-0: Ball
1-0: Foul Ball, location: 2F
1-1: SINGLE (Line Drive, 34D)
Batting: RHB Sergio Gonzáles 0-0: Called Strike
0-1: Ball
1-1: Fly out, F9 (Flyball, 9M)
Batting: RHB Tom Gordon 0-0: Ball
1-0: Ball
2-0: Ball
3-0: Called Strike
3-1: Called Strike
3-2: Strikes out looking
Top of the 1st over - 0 run(s), 1 hit(s), 0 error(s), 1 left on base; Penn State 0 - Connecticut 0
BOTTOM OF THE 1ST
Connecticut Huskies batting - Pitching for Penn State Nittany Lions : RHP Charlie Keller
Pitching: RHP Charlie Keller
Batting: RHB Jeff Manley 0-0: Called Strike
0-1: Called Strike
0-2: Ground out U3 (Groundball, 3L)
Batting: RHB Blair Whitehead 0-0: Swinging Strike
0-1: Ball
1-1: SINGLE (Line Drive, 7S)
Batting: SHB Juan Román 0-0: Ball
1-0: 2-RUN HOME RUN (Flyball, 9LD), Distance : 337 ft
Batting: RHB Ric Henley 0-0: Ball
1-0: Called Strike
1-1: Ball
2-1: Called Strike
2-2: Foul Ball, location: 2F
2-2: Ball
3-2: Base on Balls
Batting: RHB Michael Skinner 0-0: Called Strike
0-1: Called Strike
0-2: Fielders Choice at 2nd, 1-6 (Groundball, 13S)
Batting: RHB Rob Schmidt 0-0: Ball
1-0: Called Strike
1-1: Foul Ball, location: 2F
1-2: Strikes out swinging
Bottom of the 1st over - 2 run(s), 2 hit(s), 0 error(s), 1 left on base; Penn State 0 - Connecticut 2
TOP OF THE 2ND
Penn State Nittany Lions batting - Pitching for Connecticut Huskies : LHP Ryan Newman
Batting: RHB William Rogers 0-0: Fly out, F9 (Flyball, 89S)
Batting: RHB Jim Anderson 0-0: Ball
1-0: SINGLE (Groundball, 4MD)
Batting: SHB Jim Gibson 0-0: Ball
1-0: Called Strike
1-1: Ball
2-1: Ball
3-1: Foul Ball, location: 2F
3-2: Base on Balls
Jim Anderson to second
Batting: RHB Johnny Hood 0-0: Foul Ball, location: 2F
0-1: Ball
1-1: Ball
2-1: DOUBLE (Line Drive, 56D)
Jim Anderson scores
Jim Gibson to third
Batting: RHB Raúl Ruíz 0-0: Foul Ball, location: 2F
0-1: Swinging Strike
0-2: Foul Ball, location: 2F
0-2: Strikes out swinging
Batting: LHB Andrew Russell 0-0: Ball
1-0: Called Strike
1-1: DOUBLE (Line Drive, 56D)
Jim Gibson scores
Johnny Hood scores
Batting: RHB Bob Cole 0-0: Ball
1-0: Called Strike
1-1: Foul Ball, location: 2F
1-2: Ball
2-2: Foul Ball, location: 2F
2-2: Strikes out swinging
Top of the 2nd over - 3 run(s), 3 hit(s), 0 error(s), 1 left on base; Penn State 3 - Connecticut 2
BOTTOM OF THE 2ND
Connecticut Huskies batting - Pitching for Penn State Nittany Lions : RHP Charlie Keller
Batting: RHB Alberto Peña 0-0: Foul Ball, location: 2F
0-1: Called Strike
0-2: Foul Ball, location: 2F
0-2: Ball
1-2: Ball
2-2: Foul Ball, location: 2F
2-2: Ball
3-2: Base on Balls
Batting: LHB Michael Myers 0-0: SINGLE (Groundball, 34D)
Alberto Peña to second
Runner from 2nd tries for 3rd, SAFE, throw made to third
Batting: RHB Carlos Marino 0-0: Ball
Wild Pitch!
Alberto Peña scores
Michael Myers to second
1-0: Called Strike
1-1: Hit by Pitch
Batting: RHB Jeff Manley 0-0: Ball
1-0: Grounds into double play, U4-3 (Groundball, 4)
Michael Myers to third
Batting: RHB Blair Whitehead 0-0: Fly out, F9 (Line Drive, 89M)
Bottom of the 2nd over - 1 run(s), 1 hit(s), 0 error(s), 1 left on base; Penn State 3 - Connecticut 3
TOP OF THE 3RD
Penn State Nittany Lions batting - Pitching for Connecticut Huskies : LHP Ryan Newman
Batting: RHB Sergio Gonzáles Reached via error on a dropped throw, E3
Batting: RHB Tom Gordon 0-0: Ball
1-0: Foul Ball, location: 2F
1-1: Fly out, F8 (Flyball, 8LM)
Batting: RHB William Rogers 0-0: Ball
1-0: Ball
2-0: Ball
3-0: Called Strike
3-1: Fielders Choice at 2nd, 6-4 (Groundball, 6M)
Batting: RHB Jim Anderson 0-0: SINGLE (Groundball, 6MD)
William Rogers to second
Runner from 2nd tries for 3rd, SAFE, no throw or cutoff
Batting: SHB Jim Gibson 0-0: Ball
1-0: Ball
2-0: Foul Ball, location: 2F
2-1: Ball
3-1: Called Strike
3-2: Foul Ball, location: 2F
3-2: Base on Balls
Jim Anderson to second
Batting: RHB Johnny Hood 0-0: Called Strike
0-1: Ball
1-1: Foul Ball, location: 2F
1-2: Ball
2-2: Ball
3-2: Base on Balls
William Rogers scores
Jim Anderson to third
Jim Gibson to second
Batting: RHB Raúl Ruíz 0-0: Swinging Strike
0-1: Foul Ball, location: 2F
0-2: Ball
Balk!
Jim Anderson scores
Jim Gibson to third
Johnny Hood to second
1-2: Strikes out swinging
Top of the 3rd over - 2 run(s), 1 hit(s), 1 error(s), 2 left on base; Penn State 5 - Connecticut 3
BOTTOM OF THE 3RD
Connecticut Huskies batting - Pitching for Penn State Nittany Lions : RHP Charlie Keller
Batting: SHB Juan Román 0-0: Ball
1-0: Foul Ball, location: 2F
1-1: Foul Ball, location: 2F
1-2: Ground out 3-1 (Groundball, 34)
Batting: RHB Ric Henley 0-0: Called Strike
0-1: Foul Ball, location: 2F
0-2: Ball
1-2: Strikes out swinging
Batting: RHB Michael Skinner 0-0: Ground out 5-3 (Groundball, 56S)
Bottom of the 3rd over - 0 run(s), 0 hit(s), 0 error(s), 0 left on base; Penn State 5 - Connecticut 3
TOP OF THE 4TH
Penn State Nittany Lions batting - Pitching for Connecticut Huskies : LHP Ryan Newman
Batting: LHB Andrew Russell 0-0: Ball
1-0: Swinging Strike
1-1: Ball
2-1: Foul Ball, location: 2F
2-2: Ball
3-2: Strikes out swinging
Batting: RHB Bob Cole 0-0: Called Strike
0-1: Ball
1-1: Foul Ball, location: 2F
1-2: Ball
2-2: Foul Ball, location: 2F
2-2: Fly out, F9 (Line Drive, 9M)
Batting: RHB Sergio Gonzáles 0-0: Ball
1-0: Foul Ball, location: 2F
1-1: Ball
2-1: Ball
3-1: Base on Balls
Pitching: RHP Nick Higgins
Batting: RHB Tom Gordon 0-0: Foul Ball, location: 2F
0-1: Ball
1-1: Foul Ball, location: 2F
1-2: Foul Ball, location: 2F
1-2: Ball
Sergio Gonzáles is caught stealing 2nd base
Top of the 4th over - 0 run(s), 0 hit(s), 0 error(s), 0 left on base; Penn State 5 - Connecticut 3
BOTTOM OF THE 4TH
Connecticut Huskies batting - Pitching for Penn State Nittany Lions : RHP Charlie Keller
Batting: RHB Rob Schmidt 0-0: Foul Ball, location: 2F
0-1: Ground out 1-3 (Groundball, 15)
Batting: RHB Alberto Peña 0-0: Ball
1-0: Ball
2-0: Ball
3-0: Called Strike
3-1: Swinging Strike
3-2: Base on Balls
Batting: LHB Michael Myers 0-0: Ball
1-0: Called Strike
1-1: Foul Ball, location: 2F
1-2: Fly out, F5 (Popup, 5SF)
Batting: RHB Carlos Marino 0-0: Ball
Alberto Peña is caught stealing 2nd base
Bottom of the 4th over - 0 run(s), 0 hit(s), 0 error(s), 0 left on base; Penn State 5 - Connecticut 3
TOP OF THE 5TH
Penn State Nittany Lions batting - Pitching for Connecticut Huskies : RHP Nick Higgins
Batting: RHB Tom Gordon 0-0: SINGLE (Groundball, 4M)
Batting: RHB William Rogers 0-0: Ball
1-0: Foul Ball, location: 2F
1-1: Swinging Strike
1-2: Foul Ball, location: 2F
1-2: Foul Ball, location: 2F
1-2: Foul Ball, location: 2F
1-2: Ball
2-2: SINGLE (Line Drive, 34D)
Tom Gordon to second
Batting: RHB Jim Anderson 0-0: Foul Ball, location: 2F
0-1: Ball
1-1: Called Strike
1-2: Ball
2-2: Strikes out swinging
Batting: SHB Jim Gibson 0-0: Called Strike
0-1: Called Strike
0-2: Ball
1-2: Foul Ball, location: 2F
1-2: SINGLE (Groundball, 4MD)
Tom Gordon to third
William Rogers to second
Runner from 3rd tries for Home, throw and OUT!
Batting: RHB Johnny Hood 0-0: Called Strike
0-1: Called Strike
0-2: Ball
1-2: Strikes out swinging
Top of the 5th over - 0 run(s), 3 hit(s), 0 error(s), 2 left on base; Penn State 5 - Connecticut 3
BOTTOM OF THE 5TH
Connecticut Huskies batting - Pitching for Penn State Nittany Lions : RHP Charlie Keller
Batting: RHB Carlos Marino 0-0: Fly out, F8 (Line Drive, 8LS)
Batting: RHB Jeff Manley 0-0: Fly out, F9 (Flyball, 89M)
Batting: RHB Blair Whitehead 0-0: Ball
1-0: Called Strike
1-1: Called Strike
1-2: SOLO HOME RUN (Flyball, 7D), Distance : 359 ft
Batting: SHB Juan Román 0-0: Ball
1-0: Ground out 6-3 (Groundball, 6)
Bottom of the 5th over - 1 run(s), 1 hit(s), 0 error(s), 0 left on base; Penn State 5 - Connecticut 4
TOP OF THE 6TH
Penn State Nittany Lions batting - Pitching for Connecticut Huskies : RHP Nick Higgins
Batting: RHB Raúl Ruíz 0-0: Called Strike
0-1: Called Strike
0-2: Ball
1-2: Ball
2-2: Ball
3-2: Base on Balls
Batting: LHB Andrew Russell 0-0: Called Strike
0-1: Fly out, F8 (Flyball, 8RM)
Batting: RHB Bob Cole 0-0: Called Strike
0-1: Ball
1-1: Ball
2-1: Foul Ball, location: 2F
2-2: Fly out, F2 (Popup, 2LF)
Batting: RHB Sergio Gonzáles 0-0: Called Strike
0-1: Ball
1-1: Ground out 5-3 (Groundball, 15S)
Top of the 6th over - 0 run(s), 0 hit(s), 0 error(s), 1 left on base; Penn State 5 - Connecticut 4
BOTTOM OF THE 6TH
Connecticut Huskies batting - Pitching for Penn State Nittany Lions : RHP Charlie Keller
Batting: RHB Ric Henley 0-0: Swinging Strike
0-1: Ball
1-1: Ball
2-1: Fly out, F9 (Flyball, 89D)
Batting: RHB Michael Skinner 0-0: SINGLE (Line Drive, 8LS)
Batting: RHB Rob Schmidt 0-0: Foul Ball, location: 2F
0-1: Ball
1-1: Ball
Michael Skinner is caught stealing 2nd base
2-1: Ball
3-1: Swinging Strike
3-2: Foul Ball, location: 2F
3-2: SINGLE (Groundball, 6)
Batting: RHB Alberto Peña 0-0: Ball
1-0: SINGLE (Flyball, 8LS)
Rob Schmidt to second
Runner from 2nd tries for 3rd, SAFE, no throw or cutoff
Pitching: LHP Bryce Johnston
Batting: LHB Michael Myers 0-0: Ball
1-0: Ball
2-0: Ball
3-0: Called Strike
3-1: Ground out 4-3 (Groundball, 34)
Bottom of the 6th over - 0 run(s), 3 hit(s), 0 error(s), 2 left on base; Penn State 5 - Connecticut 4
TOP OF THE 7TH
Penn State Nittany Lions batting - Pitching for Connecticut Huskies : RHP Nick Higgins
Pitching: LHP Edgar Tillman
Batting: RHB Tom Gordon 0-0: Foul Ball, location: 2F
0-1: Foul Ball, location: 2F
0-2: Ball
1-2: Ball
2-2: Strikes out looking
Batting: RHB William Rogers 0-0: Called Strike
0-1: Called Strike
0-2: Strikes out swinging
Batting: RHB Jim Anderson 0-0: Ground out 6-3 (Groundball, 6M)
Top of the 7th over - 0 run(s), 0 hit(s), 0 error(s), 0 left on base; Penn State 5 - Connecticut 4
BOTTOM OF THE 7TH
Connecticut Huskies batting - Pitching for Penn State Nittany Lions : LHP Bryce Johnston
Batting: RHB Carlos Marino 0-0: Called Strike
0-1: Foul Ball, location: 2F
0-2: SINGLE (Popup, 34D)
Batting: RHB Jeff Manley 0-0: Ball
1-0: Swinging Strike
1-1: Foul Ball, location: 2F
1-2: SINGLE (Line Drive, 34D)
Carlos Marino to second
Batting: RHB Blair Whitehead 0-0: Called Strike
0-1: Foul Ball, location: 2F
0-2: Ball
1-2: Ball
2-2: Ball
3-2: Strikes out swinging
Batting: SHB Juan Román 0-0: Ball
1-0: Fly out, F3 (Popup, 3)
Batting: RHB Ric Henley 0-0: Ball
1-0: Ball
2-0: Called Strike
2-1: Ball
3-1: Base on Balls
Carlos Marino to third
Jeff Manley to second
Batting: RHB Michael Skinner 0-0: Ball
1-0: Ball
2-0: Called Strike
2-1: Ball
3-1: Base on Balls
Carlos Marino scores
Jeff Manley to third
Ric Henley to second
Pitching: RHP Fernando Peña
Batting: RHB Rob Schmidt 0-0: Called Strike
0-1: Called Strike
0-2: SINGLE (Line Drive, 89M)
Jeff Manley scores
Ric Henley to third
Michael Skinner to second
Runner from 3rd tries for Home, SAFE, no throw or cutoff
Batting: RHB Alberto Peña 0-0: Ball
1-0: Ball
2-0: Ball
3-0: Base on Balls
Michael Skinner to third
Rob Schmidt to second
Batting: LHB Michael Myers 0-0: Called Strike
0-1: Called Strike
0-2: Foul Ball, location: 2F
0-2: Ground out 1-3 (Groundball, 15S)
Bottom of the 7th over - 3 run(s), 3 hit(s), 0 error(s), 3 left on base; Penn State 5 - Connecticut 7
TOP OF THE 8TH
Penn State Nittany Lions batting - Pitching for Connecticut Huskies : LHP Edgar Tillman
Now at 2B: Gordon Brown
Batting: SHB Jim Gibson 0-0: Ball
1-0: Ground out 4-3 (Groundball, 4)
Batting: RHB Johnny Hood 0-0: Called Strike
0-1: Ball
1-1: Ball
2-1: Swinging Strike
2-2: Ball
3-2: Foul Ball, location: 2F
3-2: Fly out, F8 (Flyball, 8LM)
Batting: RHB Raúl Ruíz 0-0: Fly out, F9 (Flyball, 9M)
Top of the 8th over - 0 run(s), 0 hit(s), 0 error(s), 0 left on base; Penn State 5 - Connecticut 7
BOTTOM OF THE 8TH
Connecticut Huskies batting - Pitching for Penn State Nittany Lions : RHP Fernando Peña
Batting: RHB Carlos Marino 0-0: Called Strike
0-1: Ball
1-1: Swinging Strike
1-2: Foul Ball, location: 2F
1-2: Foul Ball, location: 2F
1-2: Ball
2-2: Ball
3-2: Strikes out swinging
Batting: RHB Jeff Manley 0-0: Foul Ball, location: 2F
0-1: Ball
1-1: Ball
2-1: Called Strike
2-2: Foul Ball, location: 2F
2-2: Ground out 6-3 (Groundball, 6)
Batting: RHB Blair Whitehead 0-0: Called Strike
0-1: Ball
1-1: Ball
2-1: Ball
3-1: SINGLE (Line Drive, 56)
Batting: SHB Juan Román 0-0: Ball
Wild Pitch!
Blair Whitehead to second
1-0: Called Strike
1-1: Called Strike
1-2: Strikes out swinging
Bottom of the 8th over - 0 run(s), 1 hit(s), 0 error(s), 1 left on base; Penn State 5 - Connecticut 7
TOP OF THE 9TH
Penn State Nittany Lions batting - Pitching for Connecticut Huskies : LHP Edgar Tillman
Pitching: RHP Pat Singleton
Now at C: Enrique Rojas
Batting: LHB Andrew Russell 0-0: Called Strike
0-1: Ball
1-1: Fly out, F7 (Flyball, 78M)
Batting: RHB Bob Cole 0-0: Called Strike
0-1: Swinging Strike
0-2: Foul Ball, location: 2F
0-2: Ball
1-2: Foul Ball, location: 2F
1-2: Strikes out looking
Batting: RHB Sergio Gonzáles 0-0: Called Strike
0-1: SINGLE (Groundball, 56)
Batting: RHB Tom Gordon 0-0: Foul Ball, location: 2F
0-1: Swinging Strike
0-2: Strikes out swinging
Top of the 9th over - 0 run(s), 1 hit(s), 0 error(s), 1 left on base; Penn State 5 - Connecticut 7
This league is powered by Out of the Park Baseball, the baseball management simulation game for PC, Mac and Linux
Wednesday, December 2nd, 2015 - OOTP Baseball 16.8 Build 38